 Dungeon Crawl Stone Soup version 0.25-a0-310-g60f0ac2d9a (webtiles) character file.

Game seed: 3063914885984499231, levelgen mode: classic

480 Borgoz the Skirmisher (level 7, -3/44 HPs)
             Began as a Gargoyle Gladiator on Dec 23, 2019.
             Was an Initiate of Ashenzari.
             Splashed by a jelly's acid (8 damage)
             ... on level 4 of the Dungeon.
             The game lasted 00:05:04 (3647 turns).

Borgoz the Skirmisher (Gargoyle Gladiator)          Turns: 3647, Time: 00:05:05

Health: -3/44      AC:  1    Str: 17    XL:     7   Next: 12%
Magic:  7/7        EV: 13    Int:  9    God:    Ashenzari [......]
Gold:   276        SH:  0    Dex: 13    Spells: 6/6 levels left

rFire    . . .     SeeInvis .   a - +0 long sword
rCold    . . .     Gourm    .   (no shield)
rNeg     + . .     Faith    .   b - +0 leather armour
rPois    ∞         Spirit   .   c - +0 helmet
rElec    +         Reflect  .   (no cloak)
rCorr    .         Harm     .   e - +0 pair of gloves
MR       .....                  (no boots)
Stlth    +.........             (no amulet)
HPRegen  0.14/turn              (no ring)
MPRegen  0.10/turn              (no ring)

@: corroded
A: negative energy resistance 1, electricity resistance, unbreathing,
petrification resistance, rot immunity, AC +4
a: Curse Item, Renounce Religion


You were on level 4 of the Dungeon.
You worshipped Ashenzari.
Ashenzari was noncommittal.
You were not hungry.

You visited 1 branch of the dungeon, and saw 4 of its levels.

You collected 276 gold pieces.

Inventory:

Hand Weapons
 a - a +0 long sword (weapon)
Missiles
 d - 5 throwing nets (quivered)
Armour
 b - a +0 leather armour (worn)
 c - a +0 helmet (worn)
 e - a +0 pair of gloves (worn)
Jewellery
 k - an uncursed ring of magical power
 r - an uncursed ring of protection from cold
Scrolls
 g - 2 scrolls of noise {unknown}
 h - 4 scrolls of remove curse
 i - 7 scrolls of identify {unknown}
 o - a scroll of enchant weapon {unknown}
 t - 3 scrolls of magic mapping {unknown}
 u - a scroll of random uselessness {unknown}
 w - a scroll of immolation {unknown}
Potions
 j - 2 potions of ambrosia {unknown}
 l - 3 potions of agility {unknown}
 m - 3 potions of curing {unknown}
 p - a potion of mutation {unknown}
 q - a potion of degeneration {unknown}
 s - a potion of lignification {unknown}
 v - a potion of cancellation {unknown}
Comestibles
 f - 6 rations


   Skills:
 + Level 4.4 Fighting
 + Level 4.2 Long Blades
 + Level 3.7 Throwing
 + Level 3.8 Dodging


You had 6 spell levels left.
You didn't know any spells.
Your spell library was empty.

Dungeon Overview and Level Annotations

Branches:
Dungeon (4/15)             Temple (0/1) D:4

Altars:
Ashenzari
Xom


Innate Abilities, Weirdness & Mutations

You are resistant to torment.
Your stone body is resilient. (AC +4)
You are immune to poison.
You resist negative energy. (rN+)
You are resistant to electric shocks. (rElec)
You can survive without breathing.
You are immune to petrification.
You are immune to rotting.


Message History

The jelly hits you. The acid corrodes you!
You are splashed with acid!
You hit the jelly.
Your hands burn!
The jelly is heavily wounded.
The jelly completely misses you.
You hit the jelly.
Your hands burn!
The jelly is heavily wounded.
The jelly hits you.
You are splashed with acid!
* * * LOW HITPOINT WARNING * * *
You are too injured to fight recklessly!
You are too injured to fight recklessly!
You are too injured to fight recklessly!
Throwing (i - inventory)
d - 6 throwing nets (quivered)
Press: ? - help, Shift-Dir - straight line, f - jelly
Aim: a jelly (heavily wounded)
You throw a throwing net.
The throwing net barely misses the jelly.
The jelly hits you.
* * * LOW HITPOINT WARNING * * *
The acid corrodes you!
You are splashed with acid!
You die...

#.# #.#
###############.##
#............##..#
##.........##.###.#
#######.....<#.# #..
###..'.'......#.# ##.
##...###......#.####.
##..@# #.....##.##...
##._.J.+.....'..##.##
##...###.....##.##.##
##...# #.....##)...##
###..+ +.....########
##### #.....# # ##
####### .. #.# #.


You could see a jelly.

Vanquished Creatures
  A big kobold (D:3)
  A howler monkey (D:3)
  An orc wizard (D:4)
  2 orc priests (D:3)
  A worker ant (D:4)
  Terence (D:2)
  A howler monkey skeleton (D:3)
  6 adders
  4 gnolls
  An ooze (D:3)
  2 worms
  2 dart slugs (D:2)
  6 leopard geckos
  17 orcs
  8 giant cockroaches
  6 goblins (D:1)
  7 hobgoblins
  An iguana (D:4)
  2 jackals
  13 kobolds
  2 quokkas (D:2)
  8 bats
  3 frilled lizards
  17 rats
113 creatures vanquished.

Notes
Turn   | Place    | Note
-------+----------+-------------------------------------------
     0 | D:1      | Borgoz the Gargoyle Gladiator began the quest for the Orb.
     0 | D:1      | Reached XP level 1. HP: 12/12 MP: 1/1
    17 | D:1      | Reached XP level 2. HP: 14/18 MP: 2/2
   301 | D:1      | Reached XP level 3. HP: 21/22 MP: 3/3
   852 | D:2      | Reached XP level 4. HP: 24/28 MP: 4/4
  1325 | D:2      | Noticed Terence
  1339 | D:2      | Killed Terence
  1339 | D:2      | Reached XP level 5. HP: 20/32 MP: 5/5
  1811 | D:2      | Found a shattered altar of Ashenzari.
  2082 | D:2      | Became a worshipper of Ashenzari the Shackled
  2461 | D:3      | Reached XP level 6. HP: 38/38 MP: 6/6
  3161 | D:4      | Reached XP level 7. HP: 26/44 MP: 7/7
  3482 | D:4      | Found a staircase to the Ecumenical Temple.
  3640 | D:4      | Found a shimmering altar of Xom.
  3647 | D:4      | Splashed by a jelly's acid

Levels and vault maps discovered:
D:1:      erik_arrival_orb_chamber, layout_loops_ring, minmay_unequal
D:2:      wander_river, layout_loops_ring, lemuel_coloured_pillars_altar,
          first_ration, uniq_terence
D:3:      cheibrodos_thug_alley, layout_basic
D:4:      layout_basic, minmay_temple_entry_slanted, dk_xom_monty_hall

Skill      XL: |  1  2  3  4  5  6 |
---------------+-------------------+-----
Throwing       | 2 3 |  3.7
Long Blades    | 3 4 |  4.2
Fighting       | 3 4 |  4.4
Dodging        | 3 |  3.8

Action                   |  1- 3 |  4- 6 |  7- 9 || total
-------------------------+-------+-------+-------++-------
Melee: Long sword        |   118 |   221 |    28 ||   367
Throw: Throwing net      |       |       |     1 ||     1
  Eat: Chunk             |       |     7 |     3 ||    10
Armor: Leather armour    |    44 |    97 |     6 ||   147
Dodge: Dodged            |    93 |   183 |    16 ||   292
       Rpst.: Long sword |    36 |    58 |     7 ||   101

Table legend:
 A = Non-vault XP
 B = Vault XP
 C = Vault XP percentage of total XP
 D = Non-vault monster count
 E = Vault monster count
 F = Vault count percentage of total count
                 A         B        C        D         E       F
            +---------+---------+-------+---------+---------+-------
      Total |     520 |     167 |  24.3 |      86 |      27 |  23.9
            +---------+---------+-------+---------+---------+-------
        D:1 |      52 |      19 |  26.8 |      23 |      15 |  39.5
        D:2 |     146 |      32 |  18.0 |      26 |       1 |   3.7
        D:3 |     217 |     114 |  34.4 |      29 |      10 |  25.6
        D:4 |     105 |       2 |   1.9 |       8 |       1 |  11.1
            +---------+---------+-------+---------+---------+-------
